 Dungeon Crawl Stone Soup version 0.30-a0-137-gd8773701ce (webtiles) character file.

Game seed: 6003923349077904420

8734 SigmundSlayer the Geomancer (level 11, 0/88 HPs)
             Began as a Deep Elf Earth Elementalist on Sept 23, 2022.
             Was a Believer of Vehumet.
             Slain by Urug
             ... wielding a +3 vorpal great sword
              (25 damage)
             ... on level 11 of the Dungeon.
             The game lasted 00:15:11 (8684 turns).

SigmundSlayer the Geomancer (DEEE)                  Turns: 8684, Time: 00:15:12

Health: 0/88       AC:  7    Str:  5    XL:     11   Next: 13%
Magic:  33/36      EV: 14    Int: 23    God:    Vehumet [**....]
Gold:   560        SH:  0    Dex: 15    Spells: 26/30 levels left

rFire   . . .      SeeInvis .    e - +5 long sword (venom)
rCold   + . .      Faith    .    z - orb {light}
rNeg    . . .      Spirit   .    a - +0 robe
rPois   .          Reflect  .    (helmet restricted)
rElec   .          Harm     .    y - scarf {repulsion}
rCorr   .          Rampage  .    (no gloves)
Will    +....                    j - +2 pair of boots
Stlth   ..........               o - amulet of regeneration
HPRegen 1.04/turn                f - ring of protection from cold
MPRegen 0.25/turn                r - ring of magical power

@: berserking, freezing walls, slowed, glowing, repel missiles
A: horns 1, iridescent scales 1, dopey 1
a: Renounce Religion


You were on level 11 of the Dungeon.
You worshipped Vehumet.
Vehumet was pleased with you.
You visited 2 branches of the dungeon, and saw 12 of its levels.

You collected 560 gold pieces.

Inventory:

Hand Weapons
 e - a +5 long sword of venom (weapon)
Armour
 a - a +0 robe (worn)
 j - a +2 pair of boots (worn)
 l - a +2 helmet
 u - a +2 cloak
 y - a scarf of repulsion (worn)
 z - an orb of light (worn)
Magical Staves
 h - a staff of conjuration
 D - a staff of fire
Jewellery
 f - a ring of protection from cold (left hand)
 g - a ring of see invisible
 o - an amulet of regeneration (around neck)
 r - a ring of magical power (right hand)
 s - an amulet of the acrobat
 A - a ring of flight
Wands
 q - a wand of digging (7)
 B - a wand of paralysis (16)
Scrolls
 k - a scroll of identify
 n - a scroll of magic mapping
 v - 5 scrolls of teleportation
Potions
 b - 2 potions of magic
 c - 2 potions of haste
 d - a potion of berserk rage
 i - a potion of degeneration
 m - 3 potions of flight
 p - a potion of ambrosia
 t - 3 potions of might
 w - 2 potions of cancellation
 x - a potion of invisibility
 C - a potion of heal wounds


   Skills:
 + Level 2.9 Fighting
 - Level 5.0 Dodging
 - Level 2.4 Stealth
 - Level 10.0 Spellcasting
 - Level 1.1 Transmutations
 + Level 11.2 Ice Magic
 + Level 12.2 Earth Magic


You had 26 spell levels left.
You knew the following spells:

 Your Spells              Type           Power      Damage    Failure   Level
a - Sandblast             Erth           100%       2d20      1%          1
b - Frozen Ramparts       Ice            100%       1d16      1%          3

Your spell library contained the following spells:

 Spells                   Type           Power      Damage    Failure   Level
 Poisonous Vapours        Pois/Air       22%        N/A       9%          2
 Freeze                   Ice            100%       1d11      1%          1
 Passwall                 Tmut/Erth      35%        N/A       1%          2
 Stone Arrow              Conj/Erth      78%        3d11      1%          3
 Petrify                  Tmut/Erth      42%        N/A       3%          4
 Magic Dart               Conj           44%        1d5       5%          1
 Wereblood                Tmut           16%        N/A       5%          2
 Hailstorm                Conj/Ice       37%        3d9       5%          4
 Call Imp                 Summ           11%        N/A       9%          2
 Sublimation of Blood     Necr           11%        N/A       9%          2
 Dazzling Flash           Conj/Hex       22%        N/A       17%         3
 Mephitic Cloud           Conj/Pois/Air  11%        N/A       17%         3
 Agony                    Necr           11%        N/A       83%         5
 Silence                  Hex/Air        5%         N/A       83%         5
 Summon Hydra             Summ           5%         N/A       100%        7
 Borgnjor's Revivificati  Necr           5%         N/A       100%        8
 Necromutation            Tmut/Necr      7%         N/A       100%        8
 Death's Door             Necr           5%         N/A       100%        9


Dungeon Overview and Level Annotations

Branches:
Dungeon (11/15)            Temple (1/1) D:6            Lair (0/5) D:10
    Orc: D:9-12

Altars:
Ashenzari
Cheibriados
Dithmenos
Elyvilon
Fedhas
Gozag
Hepliaklqana
Kikubaaqudgha
Makhleb
Nemelex Xobeh
Okawaru
Qazlal
Ru
Sif Muna
Trog
Uskayaw
Vehumet
Wu Jian
Xom
Yredelemnul
Zin
The Shining One

Shops:
D:5 (**==   D:8 [   D:9 (   D:11 =

Annotations:
D:11 Urug


Innate Abilities, Weirdness & Mutations

You have a pair of small horns on your head.
You are partially covered in iridescent scales. (AC +2)
You are dopey. (Int -2)


Message History

The blast of sand hits the wraith!
You destroy the wraith!
Vehumet accepts your kill.
You feel your power returning.
Urug shouts!
Urug throws a javelin.
The javelin misses you.
Casting: Sandblast (safe; 1% risk of failure)
Confirm with . or Enter, or press ? or * to list all spells.
Casting: Frozen Ramparts (safe; 1% risk of failure)
Press: ? - help, Dir - look around, f - activate This square is lit by a halo.
The walls around you are covered in ice.
Aiming: Sandblast (safe; 1% risk of failure)
Press: ? - help, Q - select action, (/) - cycle Shift-Dir - straight line, f - Urug
Aim: Urug, wielding a +3 vorpal great sword, wearing a +1 scale mail of cold resistance and quivering javelins (haloed, 85% to hit)
The blast of sand hits Urug.
Urug is lightly wounded.
Urug resists.
The wall freezes Urug.
Urug barely misses you.
Urug resists.
The wall freezes Urug.
Urug hits you with a +3 vorpal great sword.
Aiming: Sandblast (safe; 1% risk of failure)
Press: ? - help, Q - select action, (/) - cycle Shift-Dir - straight line, f/p - Urug
Aim: Urug, wielding a +3 vorpal great sword, wearing a +1 scale mail of cold resistance and quivering javelins (lightly wounded, haloed, 85% to hit)
The blast of sand hits Urug but does no damage.
Urug is lightly wounded.
The wall freezes Urug but does no damage.
Urug barely misses you.
Urug resists.
The wall freezes Urug.
Urug misses you.
Urug resists.
The wall freezes Urug.
Urug hits you with a +3 vorpal great sword!!
* * * LOW HITPOINT WARNING * * *
A red film seems to cover your vision as you go berserk!
You feel yourself moving faster!
You feel mighty!
Urug resists.
The wall freezes Urug.
Urug closely misses you.
You slash Urug!
Urug looks as sick as possible!
Urug is heavily wounded.
Urug resists.
The wall freezes Urug.
Urug barely misses you.
Urug completely resists.
The wall freezes Urug but does no damage.
Urug hits you with a +3 vorpal great sword!!
You die...

##...#...#..........#...#
....##.... .............
. #...#...##.............
..#......................
.........................
#.........#..........(...
##....?..#...#..........
#......o...# #.....##...
##....#@...#####....#...
###........# #..#.###..
#..........###..#..#...
##.............###.....
###.#).........##...).
#..#...........#.....
#.##...#####......... ..
#...##.#..........
##..#........^........


You could see Urug (extremely poisoned).

Vanquished Creatures
  Snorg (D:10)
  2 two-headed ogres
  2 unseen horrors
  A hornet (D:11)
  A shadow (D:9)
  2 wraiths
  16 yaks (D:9)
  Duvessa (D:4)
  A water moccasin (D:8)
  2 ice beasts
  3 orc warriors
  A sky beast (D:7)
  4 black bears
  An ogre (D:7)
  2 centaurs
  A phantom (D:6)
  3 kobold brigands
  A gnoll sergeant (D:8)
  9 wights
  Dowan (D:4)
  3 killer bees (D:9)
  3 howler monkeys
  5 orc priests
  A hound (D:4)
  3 jellies (D:6)
  3 iguanas
  14 orc wizards
  Robin (D:2)
  7 gnolls
  11 adders
  3 white imps
  A dart slug (D:4)
  3 worms
  25 orcs
  5 ball pythons
  7 endoplasms
  4 giant cockroaches (D:1)
  13 goblins
  15 hobgoblins
  5 jackals
  17 kobolds
  2 quokkas
  11 bats
  3 frilled lizards
  6 rats
226 creatures vanquished.

Notes
Turn   | Place    | Note
-------+----------+-------------------------------------------
     0 | D:1      | SigmundSlayer the Deep Elf Earth Elementalist began the
                  | quest for the Orb.
     0 | D:1      | Reached XP level 1. HP: 10/10 MP: 6/6
   204 | D:1      | Reached XP level 2. HP: 15/15 MP: 4/8
   466 | D:1      | Reached skill level 4 in Earth Magic
   970 | D:1      | Found a faded altar of an unknown god.
  1004 | D:2      | Reached XP level 3. HP: 18/19 MP: 6/10
  1254 | D:2      | Noticed Robin
  1269 | D:2      | Killed Robin
  1270 | D:2      | Reached XP level 4. HP: 19/24 MP: 3/12
  1459 | D:2      | Reached skill level 5 in Spellcasting
  1777 | D:2      | Learned a level 3 spell: Frozen Ramparts
  1800 | D:3      | Reached skill level 5 in Earth Magic
  1985 | D:3      | Reached XP level 5. HP: 28/28 MP: 12/14
  2439 | D:3      | Reached skill level 1 in Ice Magic
  2534 | D:4      | Noticed Duvessa
  2534 | D:4      | Noticed Dowan
  2828 | D:4      | Reached XP level 6. HP: 32/32 MP: 16/16
  2848 | D:4      | Killed Duvessa
  2855 | D:4      | Killed Dowan
  2975 | D:4      | Reached skill level 6 in Earth Magic
  3025 | D:4      | Reached XP level 7. HP: 36/36 MP: 18/18
  3045 | D:4      | Identified the +6 mace "Opnos" {vorpal, Fragile Dex+8}
  3533 | D:5      | Entered Level 5 of the Dungeon
  3533 | D:5      | Found Nelir's Assorted Antiques.
  3533 | D:5      | Found Quuskin's General Store.
  3534 | D:5      | Found Wiewuoz's Jewellery Boutique.
  3535 | D:5      | Found Sask's Jewellery Boutique.
  3730 | D:5      | Found Sawot's Weapon Emporium.
  4171 | D:6      | Reached skill level 7 in Earth Magic
  4429 | D:6      | Reached XP level 8. HP: 41/41 MP: 22/22
  4448 | D:6      | Reached skill level 5 in Ice Magic
  4637 | D:6      | Found a staircase to the Ecumenical Temple.
  4643 | Temple   | Entered the Ecumenical Temple
  4849 | Temple   | Became a worshipper of Vehumet
  5438 | D:7      | Reached skill level 8 in Earth Magic
  5593 | D:7      | Reached XP level 9. HP: 45/45 MP: 24/24
  5759 | D:8      | Reached * piety under Vehumet
  5759 | D:8      | Offered knowledge of Shock by Vehumet.
  5803 | D:8      | Found Matriqee's Armour Boutique.
  5946 | D:8      | Found a glowing silver altar of Zin.
  5950 | D:8      | Found a shadowy altar of Dithmenos.
  6559 | D:9      | Reached skill level 10 in Spellcasting
  6562 | D:9      | Reached skill level 9 in Earth Magic
  6575 | D:9      | Reached skill level 10 in Earth Magic
  6580 | D:9      | Reached XP level 10. HP: 41/50 MP: 19/26
  6690 | D:9      | Offered knowledge of Static Discharge by Vehumet.
  6691 | D:9      | Reached ** piety under Vehumet
  6802 | D:9      | Found Reluy's Antique Weapon Shoppe.
  6814 | D:9      | Found a sparkling altar of Nemelex Xobeh.
  6929 | D:9      | Reached skill level 11 in Earth Magic
  6930 | D:9      | Reached skill level 10 in Ice Magic
  7357 | D:10     | Entered Level 10 of the Dungeon
  7399 | D:10     | Reached skill level 1 in Fighting
  7444 | D:10     | Noticed a two-headed ogre
  7451 | D:10     | Killed a two-headed ogre
  7661 | D:10     | Noticed Snorg
  7669 | D:10     | Killed Snorg
  7885 | D:10     | Found a staircase to the Lair.
  8202 | D:10     | Reached skill level 5 in Dodging
  8387 | D:11     | Reached skill level 12 in Earth Magic
  8394 | D:11     | Noticed a two-headed ogre
  8399 | D:11     | Killed a two-headed ogre
  8400 | D:11     | Reached XP level 11. HP: 58/58 MP: 27/27
  8406 | D:11     | Noticed Urug
  8558 | D:10     | Offered knowledge of Poisonous Vapours by Vehumet.
  8567 | D:11     | Found Seeneulo's Jewellery Emporium.
  8574 | D:11     | Gained mutation: You are partially covered in iridescent
                  | scales. (AC +2) [potion of mutation]
  8574 | D:11     | Gained mutation: You have a pair of small horns on your
                  | head. [potion of mutation]
  8574 | D:11     | Gained mutation: You are dopey. (Int -2) [potion of
                  | mutation]
  8684 | D:11     | Slain by Urug

Illustrated notes

Levels and vault maps discovered:
D:1:      reono_arrival_mine, layout_basic,
          shapermc_ecumenical_altar_mp_urbaneastern, feat_on_display
D:2:      layout_basic, grunt_ministairs_5, kennysheep_generic_room_12,
          uniq_robin
D:3:      layout_rooms, nicolae_hexahallways
D:4:      layout_cave_pods, serial_column_ruins, column_ruins_square_huge,
          column_ruins_hut_ruined, column_ruins_corridor_straight,
          column_ruins_grid_1, column_ruins_open_medium,
          column_ruins_columns_corner, uniq_duvessa
D:5:      layout_cave_pools, serial_shops, nicolae_shop_crystal,
          minmay_shop_grid_forest, grunt_decor_cap
D:6:      layout_loops_ring, minmay_temple_entry_nine_rooms
D:7:      layout_basic
D:8:      layout_gridville, minitemple, serial_shops, shop
D:9:      layout_small_grid, nemelex_diamond_rough_becter, serial_shops, shop
D:10:     layout_stronghold, lair_entry_dummy, uniq_snorg
D:11:     layout_cave_pools, minmay_shop_enchanted_jewellery, uniq_urug,
          uniq_lodul
Temple:   nicolae_temple_bog_church

Skill      XL: |  1  2  3  4  5  6  7  8  9 10 |
---------------+-------------------------------+-----
Earth Magic    | 4 5 6 7 8 10 12 | 12.2
Spellcasting   | 4 5 6 8 9 10 | 10.0
Ice Magic      | 2 3 4 6 9 11 | 11.2
Dodging        | 3 5 |  5.0
Fighting       | 2 |  2.9
Stealth        | |  2.4
Transmutations | |  1.1

Action                   |  1- 3 |  4- 6 |  7- 9 | 10-12 || total
-------------------------+-------+-------+-------+-------++-------
Melee: Long sword        |     6 |     6 |       |     8 ||    20
 Cast: Sandblast         |    54 |    91 |   108 |    89 ||   342
       Frozen Ramparts   |       |     1 |     8 |    10 ||    19
  Use: Scroll            |       |    10 |    13 |     4 ||    27
       Potion            |       |     2 |     1 |     3 ||     6
Armor: Robe              |     6 |    22 |     5 |    24 ||    57
Dodge: Dodged            |    10 |    27 |    28 |    69 ||   134

Table legend: (Time is in decaauts)
 A = Elapsed time spent in this place.
 B = Non-inter-level travel time spent in this place.
 C = Inter-level travel time spent in this place.
 D = Time resting spent in this place.
 E = Time spent auto-exploring this place.
 F = Levels seen in this place.
 G = Mean time per level.
                   A        B        C        D        E       F      G
               +--------+--------+--------+--------+--------+-----+--------+
         Total |   8889 |   8418 |    471 |    376 |   6740 |  12 |  740.8 |
       Dungeon |   8664 |   8229 |    435 |    376 |   6565 |  11 |  787.6 |
        Temple |    224 |    188 |     36 |      0 |    175 |   1 |  224.0 |
               +--------+--------+--------+--------+--------+-----+--------+

Top non-repeatable levels by time:
    D:10: 1212 daAuts
     D:1: 1004 daAuts
     D:4: 966 daAuts
     D:2: 830 daAuts
     D:9: 829 daAuts
     D:3: 812 daAuts
     D:8: 808 daAuts
     D:7: 800 daAuts
     D:6: 762 daAuts
     D:5: 465 daAuts
  Temple: 224 daAuts
    D:11: 172 daAuts
